 Dungeon Crawl Stone Soup version 0.31-a0-117-g42d8f58691 (webtiles) character file.

Game seed: 3168515796651065498

119 Jeffwins the Trooper (level 5, -5/38 HPs)
             Began as an Octopode Wanderer on May 30, 2023.
             Slain by an orc
             ... wielding a +0 morningstar
              (8 damage)
             ... on level 3 of the Dungeon.
             The game lasted 00:03:09 (1900 turns).

Jeffwins the Trooper (Octopode Wanderer)            Turns: 1900, Time: 00:03:10

Health: -5/38      AC:  1    Str: 11    XL:     5   Next: 3%
Magic:  5/5        EV: 12    Int: 14    God:
Gold:   129        SH:  0    Dex: 14    Spells: 2/5 levels left

rFire   . . .        a - +1 shortbow
rCold   . . .        (shield currently unavailable)
rNeg    . . .        (helmet restricted)
rPois   .            (no amulet)
rElec   .            (no ring)
rCorr   .            (no ring)
SInv    .            (no ring)
Will    .....        (no ring)
Stlth   ++++         (no ring)
HPRegen 0.26/turn    (no ring)
MPRegen 0.09/turn    (no ring)
                     (no ring)

%: no passive effects
@: no status effects
A: almost no armour, amphibious, 8 rings, camouflage 1, gelatinous body 1,
(nimble swimmer 1), tentacles
a: no special abilities


You were on level 3 of the Dungeon.
You visited 1 branch of the dungeon, and saw 3 of its levels.

You collected 129 gold pieces.


Innate Abilities, Weirdness & Mutations

You cannot wear most types of armour.
You are amphibious.
You can wear up to eight rings at the same time.
Your skin changes colour to match your surroundings (Stealth+).
Your rubbery body absorbs attacks. (AC +1, EV +1)
((You are camouflaged when in or above water. (Stealth+)))
You have tentacles for arms and can constrict up to eight enemies at once.


   Skills:
 + Level 4.5 Fighting
 * Level 4.1 Ranged Weapons
 + Level 3.9 Stealth
 * Level 0.5 Spellcasting
 * Level 1.1 Summonings
 * Level 0.8 Translocations
 - Level 1.1 Evocations


You had 2 spell levels left.
You knew the following spells:

 Your Spells              Type           Power      Damage    Failure   Level
f - Call Canine Familiar  Summ           3%         N/A       47%         3

Your spell library contained the following spells:

 Spells                   Type           Power      Damage    Failure   Level
 Summon Small Mammal      Summ           12%        N/A       19%         1
 Summon Guardian Golem    Hex/Summ       1%         N/A       54%         3
 Summon Forest            Summ/Tloc      1%         N/A       99%         5
 Eringya's Noxious Bog    Tmut/Pois      0%         N/A       100%        6
 Summon Hydra             Summ           1%         N/A       100%        7

Inventory:

Hand Weapons
 a - a +1 shortbow (weapon)
Armour
 p - a +0 buckler
Magical Staves
 f - a staff of air
Scrolls
 b - 2 scrolls of vulnerability {!r}
 d - 6 scrolls of identify {unknown}
 e - 2 scrolls of noise {unknown}
 k - a scroll of teleportation {unknown}
 m - 2 scrolls of magic mapping {unknown}
 r - a scroll of silence {unknown}
Potions
 c - a potion of heal wounds {unknown}
 g - a potion of brilliance {unknown}
 h - a potion of resistance {unknown}
 i - 2 potions of haste {unknown}
 j - a potion of invisibility {unknown}
 l - a potion of attraction {unknown}
 n - a potion of lignification {unknown}
 o - a potion of mutation {unknown}

Dungeon Overview and Level Annotations

Branches:
Dungeon (3/15)

Altars:
Ashenzari
Elyvilon
Qazlal
Ru
Trog
Uskayaw
Zin

Shops:
D:3

= #.# ### ##########.#
=.# #.......##.# . #.#
#.......##.## .. #.#
#...........# ...# #.#
#...........# #).. #.#
#....)......#
#..#)####...........#
#...§oo@+.......##.#####
##.#.J§##.......##......
.. ###§.......####.#####
## #.....>..##########
#........#.........
#........#.########
#........#.# #....
#).......#.# #....
#........#.# #....


You could see a jelly and 2 orcs.


Message History

The orc barely misses you.
You shoot an arrow.
The arrow closely misses the orc. x2; The orc misses you.
The orc hits you with a +2 mace of protection.
The orc barely misses you.
You shoot an arrow. The arrow hits the orc.
You kill the orc!
The orc hits you from afar with a +0 trident.
Unknown command.
The orc attacks as you move away! The orc barely misses you.
You shoot an arrow. The arrow closely misses the orc.
The arrow hits the orc.
The orc is almost dead.
The orc completely misses you.
The orc hits you from afar with a +0 trident.
You shoot an arrow.
The arrow hits the orc but does no damage.
The orc hits you with a +0 morningstar!
* * * LOW HITPOINT WARNING * * *
The orc hits you from afar with a +0 trident.
* * * LOW HITPOINT WARNING * * *
You are too injured to fight recklessly!
You are too injured to fight recklessly!
You are too injured to fight recklessly!
Unknown command.
Okay, then.
You aren't carrying any items that you can evoke.
Unknown command.
As you read the scroll labelled FAYC WEZOESTREIWAVI, it crumbles to dust.
The scroll dissolves into smoke.
It was a scroll of fog.
The orc hits you with a +0 morningstar!
You die...

Skill      XL: |  1  2  3  4 |
---------------+-------------+-----
Stealth        | 3 |  3.9
Ranged Weapons | 4 |  4.1
Summonings     | 1 |  1.1
Fighting       | |  4.5
Spellcasting   | |  0.5
Translocations | |  0.8
Evocations     | |  1.1

Action                     |  1- 3 |  4- 6 || total
---------------------------+-------+-------++-------
   Fire: Shortbow          |    85 |    92 ||   177
    Use: Scroll            |       |     1 ||     1
 Armour: Skin              |     6 |     6 ||    12
  Dodge: Dodged            |    13 |    42 ||    55

Levels and vault maps discovered:
D:1:      dpeg_arrival_yet_another_circle, layout_basic, basic_ecumenical_altar,
          minmay_misc_feat_columns, kennysheep_pointless_box
D:2:      layout_rooms, basic_altar, chequers_serial_rivers_micro_d,
          kennysheep_potato
D:3:      layout_basic, grunt_temple_overflow_open, serial_shops, shop

Notes
Turn   | Place    | Note
-------+----------+-------------------------------------------
     0 | D:1      | Jeffwins the Octopode Wanderer began the quest for the Orb.
     0 | D:1      | Jeffwins set off with the following items: a +1 shortbow, 2
                  | scrolls of vulnerability {!r}.
     0 | D:1      | Reached XP level 1. HP: 17/17 MP: 1/1
   126 | D:1      | Reached skill level 3 in Stealth
   126 | D:1      | Reached XP level 2. HP: 22/22 MP: 2/2
   283 | D:1      | Found a faded altar of an unknown god.
   496 | D:1      | Reached XP level 3. HP: 27/27 MP: 3/3
   532 | D:1      | You fall into a shaft and drop 1 floor!
   830 | D:2      | Found a sacrificial altar of Ru.
   856 | D:2      | Reached XP level 4. HP: 34/34 MP: 4/4
   882 | D:2      | Reached skill level 4 in Ranged Weapons
   886 | D:2      | Learned a level 3 spell: Call Canine Familiar
  1497 | D:3      | Found a sacrificial altar of Ru.
  1501 | D:3      | Found a glowing silver altar of Zin.
  1501 | D:3      | Found a stormy altar of Qazlal.
  1501 | D:3      | Found a bloodstained altar of Trog.
  1501 | D:3      | Found a broken altar of Ashenzari.
  1503 | D:3      | Found a hide-covered altar of Uskayaw.
  1504 | D:3      | Found a white marble altar of Elyvilon.
  1565 | D:3      | Reached skill level 1 in Summonings
  1608 | D:3      | Found Ebeyputz's Jewellery Shop.
  1887 | D:3      | Reached XP level 5. HP: 38/38 MP: 5/5
  1899 | D:3      | HP: 3/38 [orc/+0 trident (6)]
  1900 | D:3      | Slain by an orc

Vanquished Creatures
  5 adders
  2 dart slugs
  2 orcs (D:3)
  7 ball pythons
  4 bats
  5 endoplasms
  6 giant cockroaches
  7 goblins
  6 hobgoblins
  4 jackals
  2 quokkas
  4 frilled lizards
  2 kobolds
  6 rats
62 creatures vanquished.

Table legend: (Time is in decaauts)
 A = Elapsed time spent in this place.
 B = Non-inter-level travel time spent in this place.
 C = Inter-level travel time spent in this place.
 D = Time resting spent in this place.
 E = Time spent auto-exploring this place.
 F = Levels seen in this place.
 G = Mean time per level.
                   A        B        C        D        E       F      G
               +--------+--------+--------+--------+--------+-----+--------+
         Total |   1938 |   1837 |    101 |      0 |   1473 |   3 |  646.0 |
       Dungeon |   1938 |   1837 |    101 |      0 |   1473 |   3 |  646.0 |
               +--------+--------+--------+--------+--------+-----+--------+

Top non-repeatable levels by time:
     D:1: 732 daAuts
     D:2: 649 daAuts
     D:3: 556 daAuts

Table legend:
 A = Non-vault XP
 B = Vault XP
 C = Vault XP percentage of total XP
 D = Non-vault monster count
 E = Vault monster count
 F = Vault count percentage of total count
                 A         B        C        D         E       F
            +---------+---------+-------+---------+---------+-------
      Total |     165 |       5 |   2.9 |      59 |       3 |   4.8
            +---------+---------+-------+---------+---------+-------
        D:1 |      35 |       0 |   0.0 |      21 |       0 |   0.0
        D:2 |      86 |       5 |   5.5 |      27 |       3 |  10.0
        D:3 |      44 |       0 |   0.0 |      11 |       0 |   0.0
            +---------+---------+-------+---------+---------+-------
